Map: Ohana LE

Players

Jason

  • Race: Terran Terran
  • League: Grandmaster
  • Spawn Location: 11:00

Rob - Winner!

  • Race: Protoss Protoss
  • League: Grandmaster
  • Spawn Location: 5:00

VOD

Have the link to the VOD?

Description

Time

  • Played on: May 13, 2019, 6:37 p.m.
  • Length: 7:02
Show
View Real Time Build Order
Export as new Build Order

Jason Terran 

Build Orders:  

Get SALT Encoding   

  12  0:01  SCV  
  13  0:13  SCV  
  14  0:18  Supply Depot  
  14  0:25  SCV  
  15  0:31  Refinery  
  15  0:39  SCV  
  16  0:44  Barracks  
  16  0:51  SCV  
  17  1:03  SCV  
  18  1:15  SCV  
  20  1:32  Reaper, Orbital Command  
  20  1:46  Command Center  
  20  2:00  Factory  
  20  2:02  SCV  
  21  2:12  Barracks Reactor  
  21  2:14  SCV  
  22  2:16  Supply Depot  
  22  2:21  Refinery  
  22  2:26  SCV  
  23  2:38  SCV  
  24  2:46  Hellion  
  24  2:47  Starport  
  24  2:48  Marine  
  24  2:49  Marine  
  24  2:51  SCV  
  29  3:00  Orbital Command  
  29  3:03  SCV  
  30  3:07  Marine  
  30  3:08  Marine  
  34  3:12  Widow Mine  
  34  3:17  SCV  
  35  3:29  Marine  
  35  3:32  SCV  
  35  3:33  SCV  
  37  3:34  Medivac  
  37  3:38  Marine  
  40  3:42  Supply Depot  
  40  3:43  Factory Tech Lab  
  40  3:44  SCV  
  40  3:46  SCV, Supply Depot  
  42  3:49  Marine  
  43  3:57  SCV  
  43  3:58  SCV  
  45  4:04  Siege Tank  
  45  4:05  Starport Reactor  
  45  4:06  Marine  
  45  4:07  Marine  
  50  4:10  Supply Depot  
  50  4:11  SCV  
  50  4:12  SCV  
  52  4:17  Refinery  
  52  4:23  Marine  
  53  4:24  Marine  
  53  4:26  Supply Depot  
  54  4:32  Engineering Bay  
  54  4:36  Siege Tank  
  57  4:41  Marine  
  57  4:42  Marine  
  57  4:43  SCV  
  57  4:44  SCV  
  61  4:46  Viking  
  61  4:48  Viking  
  63  4:55  SCV  
  63  4:56  SCV  
  63  4:58  Missile Turret  
  64  5:07  SCV  
  64  5:13  Missile Turret  
  62  5:18  Viking x2  
  66  5:25  SCV  
  61  5:32  SCV  
  61  5:35  Marine x2  
  61  5:37  SCV  
  62  5:44  SCV  
  64  5:50  SCV  
  64  5:52  Marine  
  64  5:53  Marine  
  64  5:56  SCV, Siege Tank  
  69  6:02  SCV  
  70  6:06  Supply Depot  
  70  6:08  Supply Depot  
  70  6:28  Viking x2, SCV x2, Marine x2  
  81  6:36  Bunker  
  81  6:37  Bunker  
  79  6:40  SCV x2  
  79  6:44  Missile Turret  
Show
View Real Time Build Order
Export as new Build Order

Rob Protoss - Winner!

Build Orders: 1 Gate Expand, Zealot Archon, Dark Templar Rush 

Get SALT Encoding   

  12  0:00  Probe  
  13  0:12  Probe  
  14  0:19  Pylon  
  14  0:25  Probe  
  15  0:33  Probe  
  15  0:39  Gateway  
  15  0:41  Probe  
  17  0:50  Assimilator  
  17  0:51  Probe  
  18  1:03  Probe  
  19  1:16  Probe  
  20  1:28  Probe  
  20  1:29  Cybernetics Core  
  21  1:37  Nexus  
  21  1:43  Pylon  
  21  1:46  Probe  
  22  1:53  Assimilator  
  22  1:56  Adept  
  22  1:58  Probe  
  25  2:10  Warp Gate  
  25  2:12  Probe  
  26  2:24  Probe  
  26  2:25  Stalker  
  29  2:36  Probe  
  30  2:39  Twilight Council  
  30  2:48  Probe  
  30  2:49  Probe  
  32  2:52  Robotics Facility  
  32  3:00  Probe  
  32  3:01  Probe  
  32  3:04  Pylon  
  34  3:12  Probe  
  35  3:13  Probe  
  36  3:24  Probe  
  36  3:25  Probe  
  38  3:36  Probe  
  38  3:37  Probe, Shield Battery  
  38  3:40  Dark Shrine  
  40  3:42  Gateway x2  
  40  3:45  Pylon, Warp Prism  
  40  3:49  Probe x2  
  44  4:01  Probe  
  44  4:02  Probe  
  46  4:05  Assimilator  
  46  4:07  Assimilator  
  46  4:12  Pylon  
  46  4:13  Probe  
  46  4:14  Probe  
  46  4:16  Stalker  
  50  4:26  Probe x2, Pylon  
  50  4:43  Probe x2  
  48  4:55  Dark Templar x3  
  48  4:56  Probe x2  
  56  5:07  Immortal  
  56  5:08  Probe  
  56  5:09  Probe  
  62  5:22  Probe x2  
  62  5:35  Zealot, Dark Templar x2  
  64  5:38  Nexus  
  64  5:40  Pylon  
  64  5:42  Archon  
  64  5:43  Immortal  
  64  5:46  Probe  
  67  5:59  Dark Templar  
  69  6:08  Gateway  
  69  6:09  Gateway  
  69  6:13  Dark Templar  
  71  6:20  Dark Templar  
  75  6:43  Dark Templar  
  67  6:55  Dark Templar x2  
Tags
 
Add a new tag
Caveats
  • Supply blocks, unpowered buildings, or Contaminate may cause inaccurate times.
  • Supply counts are checked every 10 seconds.